 Dungeon Crawl Stone Soup version 0.26.1-11-gd32895ea62 (webtiles) character file.

Game seed: 13535255948363332313

3678 Almogavar the Blocker (level 10, -4/61 HPs)
             Began as a Gargoyle Fighter on Apr 23, 2021.
             Was a Follower of Makhleb.
             Slain by an orc warrior
             ... wielding a +0 glaive
              (8 damage)
             ... in a bailey.
             The game lasted 00:20:16 (6835 turns).

Almogavar the Blocker (Gargoyle Fighter)            Turns: 6835, Time: 00:20:17

Health: -4/61      AC: 17    Str: 22    XL:     10   Next: 13%
Magic:  10/10      EV: 11    Int: 10    God:    Makhleb [*.....]
Gold:   465        SH: 11    Dex:  9    Spells: 9/9 levels left

rFire    . . .     SeeInvis .   a - +2 whip (freeze)
rCold    . . .     Faith    .   c - +0 kite shield
rNeg     + + .     Spirit   .   e - +2 ring mail {rN+}
rPois    ∞         Reflect  .   d - +1 helmet
rElec    +         Harm     .   (no cloak)
rCorr    .         Rampage  .   (no gloves)
Will     .....                  (no boots)
Stlth    +.........             x - amulet of regeneration
HPRegen  0.60/turn              (no ring)
MPRegen  0.12/turn              (no ring)

@: attractive
A: negative energy resistance 1, electricity resistance, unbreathing,
petrification resistance, miasma immunity, AC +7
a: Renounce Religion


You were in a bailey.
You worshipped Makhleb.
Makhleb was aware of your devotion.
You visited 2 branches of the dungeon, and saw 9 of its levels.
You also visited: Ossuary and Bailey.

You collected 465 gold pieces.

Inventory:

Hand Weapons
 a - a +2 whip of freezing (weapon)
 w - a +0 hand crossbow
Missiles
 f - 143 arrows
 l - 18 boomerangs
 r - 2 javelins (quivered)
 E - 44 bolts
Armour
 c - a +0 kite shield (worn)
 d - a +1 helmet (worn)
 e - a +2 ring mail of positive energy (worn)
 D - a +0 chain mail
 F - +0 acid dragon scales
Jewellery
 x - an amulet of regeneration (around neck)
Wands
 y - a wand of enslavement (2)
Scrolls
 b - 2 scrolls of teleportation
 g - a scroll of enchant weapon
 k - 2 scrolls of fear
 m - 3 scrolls of remove curse
 C - 2 scrolls of amnesia
Potions
 h - 2 potions of flight
 i - 2 potions of magic
 j - 2 potions of brilliance
 n - 5 potions of curing
 o - a potion of invisibility
 p - a potion of cancellation
 q - a potion of degeneration {unknown}
 s - a potion of heal wounds
 t - a potion of ambrosia
 u - a potion of haste {unknown}
 z - a potion of attraction
 A - a potion of berserk rage {unknown}
 B - a potion of resistance {unknown}


   Skills:
 + Level 6.7 Fighting
 + Level 8.2 Maces & Flails
 + Level 2.1 Crossbows
 - Level 0.9 Throwing
 + Level 6.5 Armour
 + Level 3.6 Dodging
 + Level 0.9 Stealth
 + Level 8.6 Shields


You had 9 spell levels left.
You didn't know any spells.
Your spell library contained the following spells:

 Spells                   Type           Power        Failure   Level
 Corona                   Hex            0%           78%         1
 Slow                     Hex            0%           89%         2
 Inner Flame              Hex/Fire       0%           98%         3
 Portal Projectile        Hex/Tloc       0%           98%         3
 Cause Fear               Hex            0%           100%        4
 Leda's Liquefaction      Hex/Erth       0%           100%        4


Dungeon Overview and Level Annotations

Branches:
Dungeon (8/15)             Temple (1/1) D:7         Ossuary (visited)
 Bailey (1/1)
   Lair: D:8-11

Altars:
Ashenzari
Dithmenos
Elyvilon
Fedhas
Gozag
Hepliaklqana
Makhleb
Nemelex Xobeh
Okawaru
Qazlal
Ru
Sif Muna
Trog
Uskayaw
Vehumet
Wu Jian
Xom
Yredelemnul
The Shining One
Beogh

Annotations:
D:6 3 runed translucent doors, destino's ghost, novice OgFi


Innate Abilities, Weirdness & Mutations

You are resistant to torment.
Your stone body is resilient. (AC +7)
You are immune to poison.
You resist negative energy. (rN+)
You are resistant to electric shocks. (rElec)
You can survive without breathing.
You are immune to petrification.
You are immune to miasma.


Message History

The orc warrior is moderately wounded.
The orc warrior closely misses you. The orc warrior misses you.
You block the orc's attack.
You hit the orc warrior. You freeze the orc warrior.
The orc warrior is moderately wounded.
The orc misses you. The orc hits you but does no damage.
The orc warrior barely misses you. The orc misses you.
The orc warrior hits you from afar with a +0 glaive!!
* * * LOW HITPOINT WARNING * * *
You hit the orc warrior but do no damage.
The orc warrior is moderately wounded.
The orc warrior hits you but does no damage.
You hit the orc warrior. You freeze the orc warrior.
The orc warrior is heavily wounded.
The orc hits you but does no damage. x2; The orc hits you with a +0 trident.
* * * LOW HITPOINT WARNING * * *
The orc warrior hits you from afar with a +0 glaive.
* * * LOW HITPOINT WARNING * * *
The orc warrior hits you from afar with a +0 glaive!
You die...

## ############ ...
##........∩.## ..((
######.....).)))..#
.....#(...#...o.o.).)).#
....o'(..()..oo.@))..)∩#
...)o#....#(..ooo..))..#
.... ######............#
... ##........∩.## ##
############


You could see 3 orc warriors and 4 orcs.

Vanquished Creatures
  Pikel (D:4)
  Maggie (D:7)
  Menkaure (D:7)
  Duvessa (D:7)
  An orc warrior (Bailey)
  An ogre (D:6)
  3 centaurs
  A big kobold (D:6)
  6 bullfrogs
  Dowan (D:7)
  4 water moccasin zombies (Ossuary)
  6 killer bees (D:7)
  3 wights (D:7)
  2 howler monkeys
  A centaur zombie (D:6)
  6 orc priests
  A jelly (D:6)
  A quasit (D:6)
  2 bullfrog skeletons
  A gnoll shaman (D:5)
  3 hounds
  An iguana (D:6)
  6 orc wizards
  2 worker ants
  A big kobold zombie (Ossuary)
  2 hound skeletons
  2 mummies (Ossuary)
  9 gnolls
  7 adders
  3 shadow imps (D:7)
  An ufetubus (D:6)
  6 adder zombies
  4 worms
  An adder skeleton (D:5)
  2 dart slugs (D:1)
  4 leopard geckos
  43 orcs
  2 ball pythons
  8 bats
  7 giant cockroaches
  13 goblins
  10 hobgoblins
  12 jackals
  14 kobolds
  5 quokkas
  6 frilled lizards
  3 gnoll zombies (Ossuary)
  3 hobgoblin zombies (Ossuary)
  5 kobold zombies (Ossuary)
  6 orc zombies (Ossuary)
  5 rats
240 creatures vanquished.

Vanquished Creatures (others)
  4 fungi (D:6)
  4 toadstools (D:6)
8 creatures vanquished.

Grand Total: 248 creatures vanquished

Notes
Turn   | Place    | Note
-------+----------+-------------------------------------------
     0 | D:1      | Almogavar the Gargoyle Fighter began the quest for the Orb.
     0 | D:1      | Reached XP level 1. HP: 14/14 MP: 1/1
   353 | D:1      | Reached XP level 2. HP: 15/19 MP: 2/2
   576 | D:1      | Reached XP level 3. HP: 17/24 MP: 3/3
  1326 | D:2      | Reached XP level 4. HP: 28/29 MP: 4/4
  1904 | D:2      | Reached XP level 5. HP: 29/33 MP: 5/5
  2581 | D:4      | Reached skill level 1 in Dodging
  2598 | D:4      | Found a sand-covered staircase.
  2620 | D:4      | Reached skill level 5 in Shields
  2620 | D:4      | Reached XP level 6. HP: 32/38 MP: 6/6
  2625 | Ossuary  | Entered an ossuary
  2826 | Ossuary  | Reached XP level 7. HP: 40/44 MP: 7/7
  3174 | D:4      | Noticed Pikel
  3222 | D:4      | Killed Pikel
  3223 | D:4      | Reached skill level 5 in Fighting
  3223 | D:4      | Reached XP level 8. HP: 49/49 MP: 8/8
  3883 | D:5      | Entered Level 5 of the Dungeon
  4163 | D:5      | Reached skill level 5 in Armour
  4204 | D:5      | Found a glowing golden altar of the Shining One.
  4204 | D:5      | Found a broken altar of Ashenzari.
  4736 | D:6      | Found a runed translucent gate.
  4744 | D:6      | Found a runed translucent gate.
  4754 | D:6      | Noticed destino's ghost (novice OgFi)
  4759 | D:6      | Found a runed translucent gate.
  4762 | D:6      | Found a roughly hewn altar of Beogh.
  4806 | D:6      | Reached XP level 9. HP: 54/54 MP: 9/9
  5008 | D:6      | Found a white marble altar of Elyvilon.
  5137 | D:6      | Reached skill level 1 in Crossbows
  5475 | D:7      | Noticed Menkaure
  5477 | D:7      | Killed Menkaure
  5555 | D:7      | Noticed Duvessa
  5556 | D:7      | Noticed Dowan
  5580 | D:7      | Killed Duvessa
  5592 | D:7      | Killed Dowan
  5812 | D:7      | Noticed Maggie
  5842 | D:7      | Killed Maggie
  5917 | D:7      | Found a staircase to the Ecumenical Temple.
  5926 | Temple   | Entered the Ecumenical Temple
  5994 | Temple   | Became a worshipper of Makhleb the Destroyer
  6065 | D:7      | Reached XP level 10. HP: 61/61 MP: 10/10
  6609 | D:8      | Found an iron altar of Okawaru.
  6657 | D:8      | Found a flagged portal.
  6670 | D:8      | Reached * piety under Makhleb
  6678 | Bailey   | Entered a bailey
  6835 | Bailey   | Slain by an orc warrior

Illustrated notes

Levels and vault maps discovered:
D:1:      minmay_arrival_widening_spiral_narrow, layout_basic
D:2:      layout_rooms, minmay_pentomino_v2
D:3:      layout_rooms
D:4:      layout_basic, nicolae_ossuary_entry_ruins, mrwooster_statue_mirror,
          uniq_pikel
D:5:      layout_loops_cross, gammafunk_temple_overflow_elements
D:6:      layout_loops_ring, biasface_ghost_orc_armoury,
          minmay_gold_behind_fungi, chequers_serial_rivers_micro_c,
          elyvilon_altar_3
D:7:      layout_gridville, nicolae_overflow_hidden_temple,
          minmay_temple_entry_antechambers, minmay_misc_feat_five, minivault_23,
          roderic_st_hans_cross, st_stairs_12, uniq_menkaure, uniq_duvessa,
          uniq_maggie
D:8:      layout_loops_cross, kennysheep_okawaru_gauntlet, enter_bailey_3,
          hangedman_decor_peaks_small, chequers_arboretum, minmay_checkerbox,
          uniq_erica
Temple:   nicolae_temple_x_marks_the_god
Bailey:   bailey_polearm_5, bailey

Skill      XL: |  1  2  3  4  5  6  7  8  9 10 |
---------------+-------------------------------+-----
Shields        | 4 5 6 8 |  8.6
Fighting       | 4 5 6 |  6.7
Maces & Flails | 3 4 6 8 |  8.2
Armour         | 4 5 6 |  6.5
Dodging        | 1 2 3 |  3.6
Crossbows      | 1 2 |  2.1
Throwing       | |  0.9
Stealth        | |  0.9

Action                   |  1- 3 |  4- 6 |  7- 9 | 10-12 || total
-------------------------+-------+-------+-------+-------++-------
Melee: Flail             |   166 |   254 |   124 |       ||   544
       Whip              |       |       |   452 |   112 ||   564
 Fire: Hand crossbow     |       |       |    28 |    11 ||    39
Throw: Javelin           |       |       |    10 |     4 ||    14
       Boomerang         |       |       |     1 |       ||     1
  Use: Scroll            |     6 |     5 |     3 |     2 ||    16
       Potion            |       |     3 |       |     2 ||     5
Armor: Scale mail        |   120 |    97 |       |       ||   217
       Ring mail         |       |    83 |   184 |    62 ||   329
Dodge: Dodged            |    59 |   107 |   180 |    80 ||   426
Block: Kite shield       |    98 |   145 |   241 |   108 ||   592
